AoeStats
← Chin0chelada

MegaRandom

510157249Analyzed
4v4 RM · 3d ago on Sep 29, 2026· 44m 54s· 8 players
Game mode
Random Map
Map size
Large (8 player)
Population
200
Speed
Normal
Resources
Standard
Victory
Conquest
Starting age
Dark Age
Ending age
Imperial Age
RankedLock teamsTeams togetherTeam positionsShared explorationLock speedFull tech treeHidden civsTurbo modeCheats
Victory
Defeat
🇳🇱 Gurjaras · Netherlands
545
+10
🇨🇦 Byzantines · Canada
511
+11
🇨🇱 Chinese · Chile
499
+11
🇬🇷 Britons · Greece
490
+12
🇲🇽 Inca · Mexico
484
-15
🇩🇰 Byzantines · Denmark
382
-10
🇲🇽 Huns · Mexico
362
-10
🇺🇸 Spanish · United States
341
-9
Chin0chelada
1:55 Loom
12:48 Feudal Age
14:38 Wheelbarrow
13:47 Horse Collar
14:01 Double-Bit Axe
15:02 Town Watch
32:02 Castle Age
31:24 Stone Mining
31:28 Gold Mining
33:30 Fletching
33:46 Scale Barding Armor
33:53 Forging
33:44 Scale Mail Armor
ThitherMender12
1:00 Loom
16:13 Feudal Age
18:04 Double-Bit Axe
18:05 Horse Collar
22:34 Castle Age
Stephani Gotica
0:41 Loom
10:35 Feudal Age
15:02 Castle Age
13:56 Double-Bit Axe
15:05 Horse Collar
18:53 Champi Runner
20:50 Champi Warrior
22:32 Scale Mail Armor
23:14 Squires
24:17 Chain Mail Armor
25:11 Wheelbarrow
27:17 Fletching
27:27 Padded Archer Armor
28:41 Bodkin Arrow
28:59 Forging
29:03 Bow Saw
32:29 Stone Mining
32:29 Gold Mining
33:13 Thumb Ring
35:56 Heavy Plow
40:03 Hand Cart
42:08 Stone Shaft Mining
42:12 Gold Shaft Mining
45:59 Imperial Age
43:14 Town Watch
44:07 Iron Casting
44:20 Leather Archer Armor
44:31 Andean Sling
44:19 Arson
44:23 Treadmill Crane
45:03 Ballistics
44:39 Murder Holes
fight for your rights
1:28 Loom
10:06 Feudal Age
10:38 Double-Bit Axe
14:59 Horse Collar
17:59 Gold Mining
19:34 Wheelbarrow
19:39 Stone Mining
25:42 Castle Age
26:32 Caravan
26:54 Hand Cart
29:25 Scale Mail Armor
29:35 Forging
30:42 Bow Saw
DAZACO
8:35 Loom
12:30 Feudal Age
23:13 Scale Mail Armor
23:24 Forging
23:07 Man-at-Arms
24:13 Arson
27:30 Castle Age
26:06 Double-Bit Axe
28:27 Chain Mail Armor
29:12 Long Swordsman
29:47 Gambesons
33:39 Iron Casting
34:23 Squires
41:33 Arson
46:08 Imperial Age
44:17 Guard Tower
45:31 Wheelbarrow
harrold sweigermeister
12:16 Feudal Age
13:56 Double-Bit Axe
17:47 Wheelbarrow
17:18 Scale Mail Armor
19:52 Castle Age
20:32 Man-at-Arms
21:24 Horse Collar
23:20 Loom
23:51 Hand Cart
24:59 Long Swordsman
33:14 Town Watch
37:12 Heavy Plow
43:10 Gold Mining
Mapuche Mayer
mavra
1:21 Loom
14:15 Feudal Age
16:15 Wheelbarrow
15:29 Town Watch
17:24 Horse Collar
17:44 Double-Bit Axe
20:13 Castle Age
19:46 Stone Mining
19:47 Gold Mining
21:53 Hand Cart
22:02 Fletching
22:43 Fervor
24:59 Sanctity
25:19 Gold Shaft Mining
28:41 Bodkin Arrow
32:56 Imperial Age
30:52 Padded Archer Armor
32:27 Leather Archer Armor
34:30 Conscription
34:47 Hoardings
33:44 Sappers
35:17 Warwolf
35:22 Bracer
37:07 Treadmill Crane
37:23 Murder Holes
37:39 Fortified Wall
39:53 Chemistry
39:13 Ballistics
41:21 Ring Archer Armor
40:44 Heated Shot
41:05 Masonry
41:21 Bow Saw
41:40 Heavy Plow
43:15 Town Patrol
44:26 Yeomen
Connection lost

Rejoining the realm…

Still unreachable

The connection could not be restored.

Session expired

The server has moved on; the page needs a fresh start.